 Dungeon Crawl Stone Soup version 0.20.0-15-g7f486f2 (webtiles) character file.

49 qandnotyew the Conjurer (level 3, 0/19 HPs)
             Began as a Tengu Conjurer on June 13, 2017.
             Succumbed to an adder's poison
             ... on level 2 of the Dungeon.
             The game lasted 00:02:25 (2124 turns).

qandnotyew the Conjurer (Tengu Conjurer)            Turns: 2124, Time: 00:02:26

Health: 0/19       AC:  2    Str: 13    XL:     3   Next: 77%
Magic:  7/7        EV: 13    Int: 21    God:
Gold:   92         SH:  0    Dex: 14    Spells: 5/6 levels left

rFire    . . .     SeeInvis .   f - +0 club
rCold    . . .     Gourm    .   (no shield)
rNeg     . . .     Faith    .   a - +0 robe
rPois    .         Spirit   .   (helmet restricted)
rElec    .         Reflect  .   (no cloak)
rCorr    .         Harm     .   (no gloves)
MR       .....                  (boots unavailable)
Stlth    ++........             (no amulet)
Regen    0.1/turn               (no ring)
MPRegen  0.1/turn               (no ring)

@: mighty, brilliant, lethally poisoned (0 -> -1), berserk cooldown, slowed,
very slow
A: beak, talons 3
a: no special abilities


You were on level 2 of the Dungeon.
You were not hungry.

You visited 1 branch of the dungeon, and saw 3 of its levels.

You collected 92 gold pieces.

Inventory:

Hand Weapons
 f - a +0 club (weapon)
Armour
 a - a +0 robe (worn)
Jewellery
 o - an uncursed ring of protection from fire {unknown}
Scrolls
 d - a scroll of enchant armour {unknown}
 e - 2 scrolls of identify {unknown}
Potions
 n - a potion of might
Books
 b - a book of Conjurations

   Spells                             Type                      Level
   a - Magic Dart                     Conjuration                  1
   b - Searing Ray                    Conjuration                  2
   c - Dazzling Spray                 Conjuration/Hexes            3
   d - Fulminant Prism                Conjuration/Hexes            4
   e - Force Lance                    Conjuration/Translocation    4
   f - Iskenderun's Mystic Blast      Conjuration                  4
Comestibles
 c - 2 bread rations
 i - 2 royal jellies
 j - a meat ration
 l - a fruit


   Skills:
 + Level 3.2 Dodging
 - Level 2.0 Stealth
 - Level 2.0 Spellcasting
 * Level 6.4 Conjurations


You had 5 spell levels left.
You knew the following spells:

 Your Spells              Type           Power        Failure   Level  Hunger
a - Magic Dart            Conj           ####         1%          1    #......


Dungeon Overview and Level Annotations

Branches:
Dungeon (3/15)

Altars:


Innate Abilities, Weirdness & Mutations

You have a beak for a mouth.
You have claws for feet.


Message History

You feel sick.
You feel a strong urge to attack something.
You feel your anger subside.
You are no longer berserk.
You are exhausted.
You feel yourself slow down.
It was a potion of brilliance.
You feel clever all of a sudden.
* * * LOW HITPOINT WARNING * * *
You feel sick.
All of the chunks of flesh in your inventory have rotted away.
It was a potion of magic.
Magic courses through your body.
It was a potion of might.
You feel very mighty all of a sudden.
* * * LOW HITPOINT WARNING * * *
You feel sick.
There is a lethal amount of poison in your body!
There is a lethal amount of poison in your body!
There is a lethal amount of poison in your body!
There is a lethal amount of poison in your body!
You die...

.###...## ######<## #.#.##.# .#
#...# ##'## #.#....# .###.#.#
##..>## #.###..# ...)...#
##..†..## #.###..# ####(#.##
##.......## ##......#
###....####.........####........
#.........+.........+...........
#.#....####..<......####...##.##
#.#.#..# ##...@...## ##.#...#
#.#.##.# ##.....## #.#.###
#.#.##.# ##...## #.#.# #.#.##.#
##'## #.#.#### #......##### #.#
#....... ###........# #.#
###.#### #..#.#)#.####.## #.#
#..............### #.#
#..#.#.#.##......########.#


There were no monsters in sight!

Vanquished Creatures
  An adder (D:2)
  A dart slug (D:2)
  4 leopard geckos
  A giant cockroach (D:1)
  3 goblins
  A hobgoblin (D:2)
  8 jackals
  6 bats
  3 frilled lizards
  A kobold (D:2)
  4 rats
33 creatures vanquished.

Notes
Turn   | Place    | Note
-------+----------+-------------------------------------------
     0 | D:1      | qandnotyew the Tengu Conjurer began the quest for the Orb.
     0 | D:1      | Reached XP level 1. HP: 10/10 MP: 4/4
   157 | D:1      | Reached XP level 2. HP: 15/15 MP: 4/6
  1431 | D:2      | Reached XP level 3. HP: 19/19 MP: 2/7
  1657 | D:2      | Reached skill level 6 in Conjurations
  2124 | D:2      | Succumbed to an adder's poison

Skill      XL: |  1  2  3 |
---------------+----------+-----
Dodging        | 3 |  3.2
Conjurations   | 6 |  6.4
Stealth        | |  2.0
Spellcasting   | |  2.0

Action                   || total
-------------------------++-------
Melee: Unarmed           ||    19
       Kick              ||    12
       Peck              ||     7
       Club              ||    40
 Cast: Magic Dart        ||    61
  Use: Potion            ||     4
 Stab: Sleeping          ||     2
  Eat: Chunk             ||     5
Armor: Robe              ||    13
Dodge: Dodged            ||    79
